[Event "RUS-ch Men Blitz 2019"]
[Site "Sochi"]
[Date "2019.10.17"]
[Round "5.21"]
[White "Gurvich, Vitaly"]
[Black "Lugovskoy, Maxim"]
[Result "0-1"]
[ECO "D30"]
[WhiteElo "2278"]
[BlackElo "2436"]
[Annotator "NA RC"]
[PlyCount "108"]
[EventDate "2019.10.17"]
[EventType "swiss"]
[EventCountry "RUS"]
[SourceTitle "playchess.com"]
[Source "ChessBase"]
[SourceQuality "1"]
[TimeControl "180+2"]

1. d4 d5 2. c4 e6 3. Nf3 a6 4. Bg5 Be7 5. Bxe7 Qxe7 6. Nbd2 Nf6 7. e3 O-O 8. Bd3 Nc6 9. cxd5 exd5 10. Rc1 Nb8 11. O-O c6 12. Ne5 Nbd7 13. f4 Re8 14. Qf3 Nf8 15. a3 a5 16. h3 N6d7 17. Rce1 Qd6 18. Qh5 g6 19. Qh4 Qf6 20. Qg3 c5 21. f5 g5 22. Ng4 Qb6 23. f6 Ne6 24. Bf5 Kf8 25. Nf3 h5 26. Nh6 h4 27. Nxh4 Nxf6 28. Bxe6 Rxe6 29. Qxg5 cxd4 30. N4f5 dxe3 31. Qg7+ Ke8 32. Qxf7+ Kd8 33. Kh1 Bd7 34. Rxe3 Ne4 35. Ref3 Kc7 36. Ng4 Rd8 37. Qg7 Kb8 38. Qd4 Ka8 39. Qxb6 Rxb6 40. Rd1 Bxf5 41. Ne3 Be6 42. b4 axb4 43. axb4 Rxb4 44. Nc2 Rb2 45. Nd4 Bd7 46. Ra1+ Kb8 47. Rfa3 Kc7 48. Rc1+ Kd6 49. Nf3 Rg8 50. Ne1 Nf2+ 51. Kh2 Nxh3 52. Rf3 Ng5 53. Rf6+ Be6 54. Rc3 Ne4 0-1

[Event "RUS-ch Men Blitz 2019"]
[Site "Sochi"]
[Date "2019.10.17"]
[Round "5.22"]
[White "Papin, Vasily"]
[Black "Mikhailovsky, Vladimir"]
[Result "1-0"]
[ECO "A29"]
[WhiteElo "2481"]
[BlackElo "2209"]
[Annotator "ChessBase"]
[PlyCount "63"]
[EventDate "2019.10.17"]
[EventType "swiss"]
[EventCountry "RUS"]
[SourceTitle "playchess.com"]
[Source "ChessBase"]
[SourceQuality "1"]
[TimeControl "180+2"]

1. c4 Nf6 2. Nc3 e5 3. Nf3 Nc6 4. g3 Bc5 5. Bg2 O-O 6. O-O d6 7. Na4 Bg4 8. d3 Qe7 9. a3 a6 10. b4 Ba7 11. Bb2 Rad8 12. Re1 e4 13. dxe4 Nxe4 14. Rf1 Rfe8 15. Nc3 Nxc3 16. Bxc3 Qxe2 17. b5 axb5 18. Qxe2 Rxe2 19. cxb5 Ne7 20. Nd4 Re5 21. a4 Rc5 22. Bb2 Rc4 23. Rfe1 Kf8 24. Re4 f5 25. Ne6+ Kg8 26. Rxc4 Re8 27. Rxc7 f4 28. Rxb7 fxg3 29. Rxa7 gxf2+ 30. Kxf2 Bxe6 31. Re1 Nf5 32. Rxe6 1-0

[Event "RUS-ch Men Blitz 2019"]
[Site "Sochi"]
[Date "2019.10.20"]
[Round "5.23"]
[White "Pingin, Artem"]
[Black "Ivlev, Aleksey"]
[Result "0-1"]
[ECO "B10"]
[WhiteElo "1968"]
[BlackElo "2292"]
[Annotator "NA"]
[PlyCount "154"]
[EventDate "2019.10.17"]
[EventType "swiss"]
[EventCountry "RUS"]
[SourceTitle "playchess.com"]
[Source "ChessBase"]
[SourceQuality "1"]
[TimeControl "180+2"]

1. e4 c6 2. Nc3 g6 3. d4 Bg7 4. Be3 d5 5. e5 Nh6 6. f4 O-O 7. Nf3 f6 8. Bd3 Qb6 9. a3 Nf7 10. Bf2 Bg4 11. O-O Qc7 12. Be2 Na6 13. b4 Rad8 14. h3 Bc8 15. Qd2 Qb8 16. Bxa6 bxa6 17. Na4 fxe5 18. fxe5 Nh6 19. Nc5 Bxh3 20. Ng5 Bf5 21. Nge6 Qc8 22. Nxd8 Rxd8 23. Bh4 Re8 24. Rae1 e6 25. Bf6 Bf8 26. c3 Ng4 27. Bg5 Bg7 28. Qe2 a5 29. bxa5 Qc7 30. a6 Qa5 31. Qb2 Nxe5 32. Qb4 Qxb4 33. axb4 Nf7 34. Bf4 g5 35. Be5 Nxe5 36. dxe5 g4 37. Nb7 Bf8 38. Nd6 Bxd6 39. exd6 Rd8 40. c4 Rxd6 41. cxd5 cxd5 42. b5 d4 43. Rxf5 exf5 44. Kf2 d3 45. Rd1 Kf7 46. Ke3 Ke6 47. Rxd3 Rb6 48. Rb3 Ke5 49. Kf2 f4 50. Rb4 h5 51. Rb1 Kd5 52. Rd1+ Kc5 53. Rd7 Kxb5 54. Rxa7 Rxa6 55. Rh7 Ra2+ 56. Kf1 Kc4 57. Rxh5 Kd4 58. Rg5 g3 59. Rg8 Ra5 60. Re8 Re5 61. Rd8+ Ke4 62. Ra8 Kf5 63. Rf8+ Ke4 64. Ra8 Re6 65. Ra7 Kf5 66. Ra5+ Kg4 67. Ra4 Rb6 68. Rc4 Rb1+ 69. Ke2 Rg1 70. Rc8 Rxg2+ 71. Kd3 Ra2 72. Rg8+ Kf3 73. Rg7 g2 74. Rg8 Kf2 75. Ke4 f3 76. Rf8 Ra4+ 77. Kd3 g1=Q {[%emt 0:00:01] Kd4} 0-1

[Event "RUS-ch Men Blitz 2019"]
[Site "Sochi"]
[Date "2019.10.17"]
[Round "5.24"]
[White "Sadovsky, Artem"]
[Black "Gogolev, Artem"]
[Result "1-0"]
[ECO "A15"]
[WhiteElo "2411"]
[BlackElo "2339"]
[Annotator "NA"]
[PlyCount "76"]
[EventDate "2019.10.17"]
[EventType "swiss"]
[EventCountry "RUS"]
[SourceTitle "playchess.com"]
[Source "ChessBase"]
[SourceQuality "1"]
[TimeControl "180+2"]

1. c4 Nf6 2. g3 c5 3. Bg2 e6 4. b3 Be7 5. Bb2 O-O 6. Nf3 d5 7. cxd5 Nxd5 8. Nc3 Bf6 9. Qc1 Nc6 10. O-O Nxc3 11. Bxc3 Bxc3 12. Qxc3 Nd4 13. Rfe1 Nxf3+ 14. Bxf3 Rb8 15. Qxc5 Qxd2 16. Qxa7 Bd7 17. Bxb7 e5 18. Rad1 Qb4 19. Bd5 Bh3 20. a3 Qc3 21. a4 e4 22. Qe3 Qxe3 23. fxe3 Be6 24. Bxe6 fxe6 25. Rb1 Rb4 26. Rb2 Ra8 27. Ra1 Ra5 28. Kf2 Kf7 29. Ra3 Ke7 30. Rc2 Kd6 31. Rc3 Rb7 32. Ra1 Ke5 33. Rd1 Ra8 34. Ra1 Rf8+ 35. Kg2 Rbf7 36. Rc2 Rb7 37. Rb2 Rfb8 38. Ra3 Ra8 1-0

[Event "RUS-ch Men Blitz 2019"]
[Site "Sochi"]
[Date "2019.10.20"]
[Round "5.25"]
[White "Shemyakin, Valeriy"]
[Black "Smirnov, Timofey"]
[Result "0-1"]
[ECO "D11"]
[WhiteElo "2192"]
[BlackElo "2431"]
[Annotator "NA"]
[PlyCount "104"]
[EventDate "2019.10.17"]
[EventType "swiss"]
[EventCountry "RUS"]
[SourceTitle "playchess.com"]
[Source "ChessBase"]
[SourceQuality "1"]
[TimeControl "180+2"]

1. d4 d5 2. c4 c6 3. Nf3 Nf6 4. Qb3 dxc4 5. Qxc4 Bf5 6. g3 e6 7. Bg2 Nbd7 8. O-O Be7 9. Nc3 O-O 10. Re1 Ne4 11. Qb3 Qb6 12. Nh4 Nd6 13. Nxf5 Nxf5 14. Rd1 Rfd8 15. e4 Nxd4 16. Qxb6 Nxb6 17. Be3 Nc2 18. Rxd8+ Rxd8 19. Bxb6 axb6 20. Rc1 Nb4 21. Bf1 Nd3 22. Rc2 b5 23. Rd2 Nc5 24. Rxd8+ Bxd8 25. a3 Bf6 26. f3 Bd4+ 27. Kg2 Na4 28. Nxa4 bxa4 29. b3 axb3 30. Bd3 b5 31. Kf1 Bc5 32. Ke2 Bxa3 33. Kd2 Bb4+ 34. Kc1 Bc3 35. f4 Kf8 36. e5 g6 37. Be4 c5 38. Bc6 b4 39. Ba4 b2+ 40. Kc2 Bd4 41. Bb5 Bg1 42. h3 Bh2 43. Kxb2 Bxg3 44. Kb3 Bxf4 45. Kc4 Be3 46. Bc6 Bd4 47. Bb5 h5 48. Ba4 Kg7 49. Be8 Bxe5 50. Kxc5 b3 51. Ba4 b2 52. Bc2 f5 {[%emt 0:00:01] Kd4} 0-1

[Event "RUS-ch Men Blitz 2019"]
[Site "Sochi"]
[Date "2019.10.17"]
[Round "5.28"]
[White "Glek, Igor"]
[Black "Kryzhanovskiy, Mikhail"]
[Result "1/2-1/2"]
[ECO "B40"]
[WhiteElo "2467"]
[BlackElo "2064"]
[Annotator "ChessBase"]
[PlyCount "65"]
[EventDate "2019.10.17"]
[EventType "swiss"]
[EventCountry "RUS"]
[SourceTitle "playchess.com"]
[Source "ChessBase"]
[SourceQuality "1"]
[TimeControl "180+2"]

1. e4 c5 2. Nf3 e6 3. Nc3 a6 4. g3 Nc6 5. Bg2 d6 6. O-O Nf6 7. d3 Be7 8. Ng5 h6 9. Nh3 Qc7 10. f4 Bd7 11. Kh1 Nd4 12. Nb1 Bc6 13. a4 Bd7 14. Nd2 Rb8 15. c3 Nc6 16. Nc4 b5 17. axb5 axb5 18. Ne3 b4 19. d4 bxc3 20. bxc3 cxd4 21. cxd4 O-O 22. e5 Nh7 23. d5 Nb4 24. dxe6 Bxe6 25. f5 Bd7 26. f6 gxf6 27. exd6 Qxd6 28. Qh5 Rb5 29. Qxh6 Bc6 30. Rf4 Bxg2+ 31. Kxg2 Nd3 32. Rh4 Qc6+ 33. Kg1 1/2-1/2

[Event "RUS-ch Men Blitz 2019"]
[Site "Sochi"]
[Date "2019.10.20"]
[Round "5.28"]
[White "Chizhikov, Vladislav"]
[Black "Kurbedinov, Ramis"]
[Result "1/2-1/2"]
[ECO "C55"]
[WhiteElo "2273"]
[BlackElo "2305"]
[Annotator "NA"]
[PlyCount "49"]
[EventDate "2019.10.17"]
[EventType "swiss"]
[EventCountry "RUS"]
[SourceTitle "playchess.com"]
[Source "ChessBase"]
[SourceQuality "1"]
[TimeControl "180+2"]

1. e4 e5 2. Nf3 Nc6 3. Bc4 Nf6 4. O-O Nxe4 5. Nc3 Nxc3 6. dxc3 Be7 7. Qd5 O-O 8. Nxe5 Nxe5 9. Qxe5 Bf6 10. Qg3 d5 11. Bd3 Be6 12. Bf4 c5 13. Rfe1 c4 14. Bf1 Qb6 15. Rab1 Bf5 16. Rec1 Rfe8 17. b3 Qc6 18. bxc4 dxc4 19. Rb4 b5 20. a4 a6 21. Bg5 Be5 22. Bf4 Bf6 23. Bg5 Be5 24. Bf4 Bf6 25. Bg5 1/2-1/2

[Event "RUS-ch Men Blitz 2019"]
[Site "Sochi"]
[Date "2019.10.17"]
[Round "5.29"]
[White "Yeritsyan, Aram"]
[Black "Savchenko, Boris"]
[Result "1-0"]
[ECO "B81"]
[WhiteElo "2271"]
[BlackElo "2581"]
[Annotator "RC"]
[PlyCount "67"]
[EventDate "2019.10.17"]
[EventType "swiss"]
[EventCountry "RUS"]
[SourceTitle "playchess.com"]
[Source "ChessBase"]
[SourceQuality "1"]
[TimeControl "180+2"]

1. e4 c5 2. Nf3 e6 3. d4 cxd4 4. Nxd4 Nf6 5. Nc3 d6 6. g4 h6 7. h4 a6 8. Rg1 h5 9. gxh5 Rxh5 10. Bg5 Rh7 11. Qd2 b5 12. a3 Nbd7 13. O-O-O Qc7 14. f4 Bb7 15. Bg2 Rc8 16. Rge1 Nb6 17. e5 dxe5 18. fxe5 Nfd7 19. Bxb7 Qxb7 20. Qd3 g6 21. Nxe6 Rxc3 22. bxc3 Bxa3+ 23. Kb1 fxe6 24. Qxg6+ Rf7 25. Qxe6+ Be7 26. Rf1 Nxe5 27. Qxe5 Nc4 28. Qh8+ Rf8 29. Rxf8+ Bxf8 30. Rd8+ Kf7 31. Rxf8+ Ke6 32. Qf6+ Kd5 33. Rd8+ Ke4 34. Qf4# 1-0

[Event "RUS-ch Men Blitz 2019"]
[Site "Sochi"]
[Date "2019.10.17"]
[Round "6.6"]
[White "Tsydypov, Zhamsaran"]
[Black "Papin, Vasily"]
[Result "1-0"]
[ECO "B40"]
[WhiteElo "2553"]
[BlackElo "2481"]
[Annotator "ChessBase"]
[PlyCount "49"]
[EventDate "2019.10.17"]
[EventType "swiss"]
[EventCountry "RUS"]
[SourceTitle "playchess.com"]
[Source "ChessBase"]
[SourceQuality "1"]
[TimeControl "180+2"]

1. e4 c5 2. Nf3 e6 3. b3 b6 4. Bb2 Bb7 5. Nc3 Nc6 6. d4 cxd4 7. Nxd4 a6 8. Nxc6 Bxc6 9. Bd3 d6 10. Qe2 b5 11. a4 b4 12. Nd5 a5 13. Bb5 Ne7 14. Nxe7 Bxb5 15. Qxb5+ Kxe7 16. O-O-O Qc7 17. Rd2 f6 18. Rhd1 Kf7 19. e5 d5 20. Rxd5 exd5 21. Qxd5+ Kg6 22. Qxa8 f5 23. Qe8+ Kh6 24. Qe6+ g6 25. Qf6 1-0

[Event "RUS-ch Men Blitz 2019"]
[Site "Sochi"]
[Date "2019.10.17"]
[Round "6.7"]
[White "Shimanov, Aleksandr"]
[Black "Vastrukhin, Oleg"]
[Result "1-0"]
[ECO "A40"]
[WhiteElo "2587"]
[BlackElo "2428"]
[Annotator "ChessBase"]
[PlyCount "71"]
[EventDate "2019.10.17"]
[EventType "swiss"]
[EventCountry "RUS"]
[SourceTitle "playchess.com"]
[Source "ChessBase"]
[SourceQuality "1"]
[TimeControl "180+2"]

1. d4 g6 2. Nf3 Bg7 3. c3 d6 4. Bg5 f5 5. Nbd2 Nf6 6. e3 O-O 7. Bc4+ e6 8. e4 h6 9. Bxf6 Qxf6 10. Qe2 Kh8 11. e5 Qf7 12. h4 d5 13. Bd3 Qe7 14. g3 c5 15. dxc5 Nd7 16. b4 a5 17. a3 Nb8 18. Nd4 Nc6 19. Nxc6 bxc6 20. f4 d4 21. cxd4 axb4 22. a4 Qd7 23. Nf3 Rd8 24. Kf2 Bf8 25. Bc4 h5 26. Rhb1 Rb8 27. a5 Qa7 28. a6 Rd7 29. Kg2 Rd8 30. Ra4 b3 31. Rxb3 Rxb3 32. Bxb3 Bd7 33. Qa2 Rb8 34. Bxe6 Bxe6 35. Qxe6 Rb2+ 36. Kh3 1-0

[Event "RUS-ch Men Blitz 2019"]
[Site "Sochi"]
[Date "2019.10.17"]
[Round "6.9"]
[White "Kokarev, Dmitry"]
[Black "Ulybin, Mikhail"]
[Result "1-0"]
[ECO "C14"]
[WhiteElo "2593"]
[BlackElo "2455"]
[Annotator "RC"]
[PlyCount "107"]
[EventDate "2019.10.17"]
[EventType "swiss"]
[EventCountry "RUS"]
[SourceTitle "playchess.com"]
[Source "ChessBase"]
[SourceQuality "1"]
[TimeControl "180+2"]

1. e4 e6 2. Nc3 d5 3. d4 Nf6 4. Bg5 Be7 5. e5 Nfd7 6. Bxe7 Qxe7 7. f4 O-O 8. Qd2 c5 9. Nf3 Nc6 10. g3 cxd4 11. Nxd4 Nc5 12. Bg2 Bd7 13. O-O Rac8 14. Rad1 a6 15. Nce2 Rfd8 16. c3 Na5 17. b3 b5 18. Qe3 Nc6 19. g4 Ne4 20. h3 Qc5 21. Rf3 b4 22. Nxc6 Rxc6 23. Qxc5 Rxc5 24. cxb4 Rc2 25. Nd4 Rxa2 26. Rc1 g6 27. Re3 Bb5 28. Rc7 Rd2 29. Nf3 Rb2 30. h4 h6 31. h5 gxh5 32. gxh5 Kf8 33. f5 exf5 34. Nd4 Bd7 35. Bh3 Be6 36. Bxf5 Rb1+ 37. Kg2 Rb2+ 38. Kh3 Ng5+ 39. Kh4 Rh2+ 40. Kg3 Rxh5 41. Rec3 Bxf5 42. Nxf5 Rh3+ 43. Kg4 Rxc3 44. Rxc3 Re8 45. Rc6 Rxe5 46. Rxh6 f6 47. Rxf6+ Nf7 48. Rxa6 Ke8 49. Ra7 Nd8 50. b5 Re4+ 51. Kg5 Nf7+ 52. Kf6 Ne5 53. Re7+ Kd8 54. Rxe5 1-0

[Event "RUS-ch Men Blitz 2019"]
[Site "Sochi"]
[Date "2019.10.17"]
[Round "6.11"]
[White "Nozdrachev, Vladislav"]
[Black "Glek, Igor"]
[Result "1-0"]
[ECO "B30"]
[WhiteElo "2494"]
[BlackElo "2467"]
[Annotator "ChessBase"]
[PlyCount "85"]
[EventDate "2019.10.17"]
[EventType "swiss"]
[EventCountry "RUS"]
[SourceTitle "playchess.com"]
[Source "ChessBase"]
[SourceQuality "1"]
[TimeControl "180+2"]

1. e4 c5 2. Nf3 Nc6 3. Bb5 e6 4. Bxc6 bxc6 5. d3 d6 6. e5 Ne7 7. exd6 Nf5 8. Nbd2 Bxd6 9. O-O O-O 10. b3 e5 11. Ne4 Nd4 12. c3 Nxf3+ 13. Qxf3 f5 14. Nxd6 Qxd6 15. Ba3 Ba6 16. c4 Rad8 17. Qe3 f4 18. Qxc5 Qxc5 19. Bxc5 Rf7 20. Rfe1 Rxd3 21. Rxe5 h6 22. Re6 Rfd7 23. h4 Rd1+ 24. Rxd1 Rxd1+ 25. Kh2 Ra1 26. a4 Rb1 27. Rxc6 Bb7 28. Rc7 Rxb3 29. Bd4 g5 30. hxg5 hxg5 31. Rg7+ Kf8 32. Rxg5 Ke7 33. Bxa7 f3 34. g4 Kf6 35. Rf5+ Ke6 36. Kg3 Bc6 37. a5 Rc3 38. Rf6+ Kd7 39. c5 Be4 40. a6 Ra3 41. Rd6+ Ke7 42. Bb6 Kf7 43. a7 1-0

[Event "RUS-ch Men Blitz 2019"]
[Site "Sochi"]
[Date "2019.10.17"]
[Round "6.14"]
[White "Shubin, Kirill"]
[Black "Antipov, Mikhail Al."]
[Result "1-0"]
[ECO "B30"]
[WhiteElo "2416"]
[BlackElo "2567"]
[Annotator "ChessBase"]
[PlyCount "79"]
[EventDate "2019.10.17"]
[EventType "swiss"]
[EventCountry "RUS"]
[SourceTitle "playchess.com"]
[Source "ChessBase"]
[SourceQuality "1"]
[TimeControl "180+2"]

1. e4 c5 2. Nf3 Nc6 3. Bb5 d6 4. d4 cxd4 5. Qxd4 Bd7 6. Qd3 h6 7. c4 a6 8. Bxc6 Bxc6 9. Nc3 Nf6 10. O-O e6 11. Bf4 Nh5 12. Be3 Be7 13. Rfd1 O-O 14. Nd4 Be8 15. Rac1 Qc7 16. Qe2 Nf6 17. b3 Nd7 18. Bf4 Ne5 19. Bg3 Rd8 20. Rc2 Qa5 21. f4 Nc6 22. Bf2 Bf6 23. Kh1 Bd7 24. Qf3 Bc8 25. Rcd2 Ne7 26. Nce2 Ng6 27. f5 Ne5 28. Qg3 exf5 29. Nxf5 Bxf5 30. exf5 Nc6 31. Qg4 Ne7 32. Ng3 d5 33. Nh5 Bc3 34. Bd4 Bxd4 35. Rxd4 g6 36. fxg6 fxg6 37. Qe6+ Rf7 38. Rf4 Rdf8 39. Rdf1 Kh8 40. Rxf7 1-0

[Event "RUS-ch Men Blitz 2019"]
[Site "Sochi"]
[Date "2019.10.17"]
[Round "6.15"]
[White "Popov, Valerij"]
[Black "Sysolyatin, Evgeny"]
[Result "1-0"]
[ECO "D35"]
[WhiteElo "2535"]
[BlackElo "2271"]
[Annotator "ChessBase"]
[PlyCount "57"]
[EventDate "2019.10.17"]
[EventType "swiss"]
[EventCountry "RUS"]
[SourceTitle "playchess.com"]
[Source "ChessBase"]
[SourceQuality "1"]
[TimeControl "180+2"]

1. c4 Nf6 2. Nc3 e6 3. d4 d5 4. cxd5 exd5 5. Bg5 Nbd7 6. Qc2 c6 7. e3 Bd6 8. Bd3 Nf8 9. Nf3 Ne6 10. Bh4 h6 11. Rb1 a5 12. a3 Qe7 13. O-O O-O 14. Rfe1 g5 15. Bg3 Bxg3 16. hxg3 Qd6 17. b4 axb4 18. axb4 Kg7 19. Rec1 Re8 20. Na4 Nf8 21. b5 Be6 22. Qc5 Qd8 23. Qb4 Ne4 24. bxc6 bxc6 25. Ne5 Qf6 26. Bxe4 dxe4 27. Rxc6 Ng6 28. Nxg6 Qxg6 29. d5 1-0

[Event "RUS-ch Men Blitz 2019"]
[Site "Sochi"]
[Date "2019.10.17"]
[Round "6.16"]
[White "Lysyj, Igor"]
[Black "Keosidi, Konstantin"]
[Result "1-0"]
[ECO "E97"]
[WhiteElo "2596"]
[BlackElo "2400"]
[Annotator "RC"]
[PlyCount "123"]
[EventDate "2019.10.17"]
[EventType "swiss"]
[EventCountry "RUS"]
[SourceTitle "playchess.com"]
[Source "ChessBase"]
[SourceQuality "1"]
[TimeControl "180+2"]

1. d4 Nf6 2. c4 g6 3. Nc3 Bg7 4. e4 d6 5. Nf3 O-O 6. Be2 e5 7. O-O Nc6 8. d5 Ne7 9. Bg5 h6 10. Bd2 Nh5 11. Re1 f5 12. Nh4 Nf6 13. exf5 gxf5 14. g3 c6 15. Qb3 cxd5 16. cxd5 b6 17. Rad1 Bb7 18. Be3 Nd7 19. Bf1 Rc8 20. Bh3 Nc5 21. Qc2 e4 22. Bf1 Qe8 23. Qd2 Kh7 24. Nb5 Qd7 25. Nc3 Qe8 26. Ng2 Ng6 27. Nb5 Qe7 28. Nxa7 Ra8 29. Nc6 Qf7 30. b4 Nd7 31. Nf4 Nge5 32. Nxe5 Nxe5 33. Be2 b5 34. h4 Ra3 35. Rc1 Rfa8 36. Rc2 Nc4 37. Bxc4 bxc4 38. Rxc4 Rxa2 39. Rc2 Rxc2 40. Qxc2 Bxd5 41. Qd2 Bc4 42. Qxd6 Bf8 43. Qb6 Bg7 44. h5 Ra1 45. Rxa1 Bxa1 46. Bd4 Bxd4 47. Qxd4 Bb5 48. Qd5 Qxd5 49. Nxd5 Kg7 50. Nc7 Bc6 51. b5 Bb7 52. Kf1 Kf7 53. Ke2 Ke7 54. Ke3 Kd6 55. Ne8+ Ke7 56. Nc7 Kd6 57. b6 Kc6 58. Ne8 Kxb6 59. Nd6 Bd5 60. Nxf5 Bf7 61. g4 Be6 62. Nxh6 1-0

[Event "RUS-ch Men Blitz 2019"]
[Site "Sochi"]
[Date "2019.10.17"]
[Round "6.17"]
[White "Kovalchuk, Alexey"]
[Black "Yuffa, Daniil"]
[Result "0-1"]
[ECO "B11"]
[WhiteElo "2388"]
[BlackElo "2577"]
[Annotator "ChessBase"]
[PlyCount "43"]
[EventDate "2019.10.17"]
[EventType "swiss"]
[EventCountry "RUS"]
[SourceTitle "playchess.com"]
[Source "ChessBase"]
[SourceQuality "1"]
[TimeControl "180+2"]

1. e4 c6 2. Nc3 d5 3. Nf3 Bg4 4. h3 Bxf3 5. Qxf3 e6 6. Be2 Bc5 7. O-O Ne7 8. Na4 Bd6 9. d4 dxe4 10. Qxe4 Nd7 11. c4 Nf6 12. Qd3 Nf5 13. Rd1 O-O 14. Nc3 a6 15. Ne4 Nxe4 16. Qxe4 Qf6 17. Rb1 Rad8 18. Be3 Nxe3 19. fxe3 Qg5 20. Qf3 e5 21. Bd3 f5 22. Bc2 0-1

[Event "RUS-ch Men Blitz 2019"]
[Site "Sochi"]
[Date "2019.10.17"]
[Round "6.18"]
[White "Smagin, Sergey"]
[Black "Zakhartsov, Vladimir"]
[Result "0-1"]
[ECO "B22"]
[WhiteElo "2551"]
[BlackElo "2514"]
[Annotator "ChessBase"]
[PlyCount "92"]
[EventDate "2019.10.17"]
[EventType "swiss"]
[EventCountry "RUS"]
[SourceTitle "playchess.com"]
[Source "ChessBase"]
[SourceQuality "1"]
[TimeControl "180+2"]

1. e4 c5 2. c3 Nf6 3. e5 Nd5 4. Nf3 e6 5. Na3 d6 6. exd6 Bxd6 7. d4 cxd4 8. Qxd4 O-O 9. Nc4 Nc6 10. Qe4 Nf6 11. Qc2 Bc7 12. a4 e5 13. Bg5 e4 14. Rd1 Qe7 15. Nfd2 Bf5 16. Ne3 Qe5 17. Ndc4 Qe6 18. Bxf6 Qxf6 19. Nd5 Qd8 20. Nce3 Bg6 21. Nb6 Bxb6 22. Rxd8 Raxd8 23. Be2 f5 24. Nc4 Bc5 25. Qb3 Rf7 26. Qb5 Bf8 27. O-O a6 28. Qb6 Rfd7 29. h4 Bf7 30. Qe3 g6 31. b4 Ne7 32. Nb6 Nd5 33. Nxd5 Bxd5 34. Rd1 Bf7 35. Rxd7 Rxd7 36. g3 Bg7 37. Qc5 Bf8 38. Qc8 Re7 39. Bc4 Kg7 40. Bxf7 Rxf7 41. Qe6 Re7 42. Qd5 h6 43. c4 Rf7 44. c5 g5 45. h5 Rf6 46. b5 axb5 0-1

[Event "RUS-ch Men Blitz 2019"]
[Site "Sochi"]
[Date "2019.10.17"]
[Round "6.22"]
[White "Dianov, Alexey"]
[Black "Oganian, Miran"]
[Result "1-0"]
[ECO "B22"]
[WhiteElo "2158"]
[BlackElo "2436"]
[Annotator "NA"]
[PlyCount "81"]
[EventDate "2019.10.17"]
[EventType "swiss"]
[EventCountry "RUS"]
[SourceTitle "playchess.com"]
[Source "ChessBase"]
[SourceQuality "1"]
[TimeControl "180+2"]

1. e4 c5 2. c3 Nf6 3. e5 Nd5 4. d4 cxd4 5. Qxd4 e6 6. Nf3 Nc6 7. Qe4 Nde7 8. Bb5 Qc7 9. O-O Ng6 10. Bxc6 bxc6 11. Nbd2 d5 12. exd6 Bxd6 13. Nc4 Be7 14. Rd1 O-O 15. Nce5 Nxe5 16. Nxe5 Bb7 17. Rd7 Rad8 18. Rxd8 Rxd8 19. Bf4 c5 20. Qe3 Qb6 21. Nc4 Qc6 22. f3 Ba6 23. Ne5 Qb5 24. b3 f6 25. c4 Qb6 26. Nd3 e5 27. Bg3 Qd6 28. Nf2 Bc8 29. Rd1 Qc7 30. Rxd8+ Qxd8 31. Qd3 Qb6 32. Ne4 Be6 33. Nc3 Qc6 34. Bf2 Bf8 35. h3 Bf7 36. Qd2 h5 37. Qd8 Qa6 38. Bxc5 Kh7 39. Qxf8 Bg6 40. Qd6 Qa5 41. Bb4 1-0

[Event "RUS-ch Men Blitz 2019"]
[Site "Sochi"]
[Date "2019.10.17"]
[Round "6.24"]
[White "Goltsev, Dmitry"]
[Black "Airapetian, Gor"]
[Result "1-0"]
[ECO "C00"]
[WhiteElo "2309"]
[BlackElo "2447"]
[Annotator "NA"]
[PlyCount "27"]
[EventDate "2019.10.17"]
[EventType "swiss"]
[EventCountry "RUS"]
[SourceTitle "playchess.com"]
[Source "ChessBase"]
[SourceQuality "1"]
[TimeControl "180+2"]

1. e4 e6 2. Nf3 d5 3. exd5 exd5 4. d4 Bd6 5. Bd3 Ne7 6. O-O Nbc6 7. c3 Bg4 8. h3 Bh5 9. Re1 Qd7 10. b4 O-O 11. Bxh7+ Kh8 12. Bd3 f6 13. Nbd2 Rae8 14. Ne5 1-0

[Event "RUS-ch Men Blitz 2019"]
[Site "Sochi"]
[Date "2019.10.17"]
[Round "6.25"]
[White "Timofeev, Artyom"]
[Black "Usmanov, Ilnur"]
[Result "1-0"]
[ECO "A11"]
[WhiteElo "2595"]
[BlackElo "2144"]
[Annotator "RC"]
[PlyCount "138"]
[EventDate "2019.10.17"]
[EventType "swiss"]
[EventCountry "RUS"]
[SourceTitle "playchess.com"]
[Source "ChessBase"]
[SourceQuality "1"]
[TimeControl "180+2"]

1. c4 c6 2. e3 d5 3. Nf3 Nf6 4. Nc3 a6 5. b3 g6 6. Bb2 Bg7 7. Be2 O-O 8. O-O b5 9. cxd5 cxd5 10. Rc1 Bb7 11. d3 Nbd7 12. Qd2 e6 13. Ba3 Re8 14. Rc2 Rc8 15. Rfc1 Qb6 16. Bb2 Rc6 17. Nd4 Rcc8 18. h3 h6 19. Bf1 Red8 20. Nde2 Re8 21. Ng3 e5 22. Nce2 h5 23. Rxc8 Rxc8 24. Rxc8+ Bxc8 25. Qc2 Bb7 26. d4 e4 27. Nc1 Qc6 28. Qxc6 Bxc6 29. Nge2 Bf8 30. a3 Bd6 31. b4 Nb6 32. Nb3 Nc4 33. Bc1 Kf8 34. Nc3 Ke7 35. Nc5 Bxc5 36. dxc5 Nd7 37. f4 f5 38. Be2 Nf6 39. Bd1 Ke6 40. Ne2 Kd7 41. Nd4 Ne8 42. g4 hxg4 43. hxg4 Nc7 44. gxf5 gxf5 45. Nxf5 Ne6 46. Bg4 Kd8 47. Kf2 Bd7 48. Kg3 Nf8 49. Nd4 Bxg4 50. Kxg4 Kd7 51. Kg5 Nh7+ 52. Kg6 Nf8+ 53. Kg7 Ke7 54. Nf5+ Ke8 55. Nd6+ Ke7 56. Nc8+ Ke8 57. Nb6 Nxb6 58. cxb6 Nd7 59. b7 Ke7 60. Bb2 Ke6 61. Kg6 Nf8+ 62. Kg5 Nd7 63. f5+ Kd6 64. f6 Ke6 65. Bd4 Nb8 66. Kg6 Nd7 67. Kg7 Kd6 68. f7 Ke7 69. Bc5+ Ke6 1-0

[Event "RUS-ch Men Blitz 2019"]
[Site "Sochi"]
[Date "2019.10.17"]
[Round "6.26"]
[White "Gabitov, Ruslan"]
[Black "Rozum, Ivan"]
[Result "0-1"]
[ECO "A00"]
[WhiteElo "2172"]
[BlackElo "2599"]
[Annotator "ChessBase"]
[PlyCount "65"]
[EventDate "2019.10.17"]
[EventType "swiss"]
[EventCountry "RUS"]
[SourceTitle "playchess.com"]
[Source "ChessBase"]
[SourceQuality "1"]
[TimeControl "180+2"]

1. g3 d5 2. Bg2 c6 3. d3 e5 4. Nd2 Nf6 5. e4 Bd6 6. Ngf3 O-O 7. O-O Re8 8. h3 Nbd7 9. Re1 Nf8 10. b3 Ng6 11. Bb2 a5 12. d4 exd4 13. Nxd4 Bf8 14. exd5 Rxe1+ 15. Qxe1 Nxd5 16. N4f3 a4 17. Nc4 a3 18. Bd4 Bf5 19. Rc1 Nb4 20. Bb6 Qf6 21. Nd4 Bd7 22. Qd2 Nxa2 23. Ra1 Bb4 24. Qd3 Nc3 25. Nf3 Bf5 26. Qf1 Bxc2 27. Bd4 Qd8 28. Kh2 Bxb3 29. Nb6 Ra6 30. Nc4 a2 31. Ncd2 Bd5 32. Qd3 Nb5 33. Bb2 0-1

[Event "RUS-ch Men Blitz 2019"]
[Site "Sochi"]
[Date "2019.10.17"]
[Round "6.29"]
[White "Derjabin, Ilja"]
[Black "Gogolev, Artem"]
[Result "0-1"]
[ECO "E20"]
[WhiteElo "2333"]
[BlackElo "2339"]
[Annotator "NA"]
[PlyCount "52"]
[EventDate "2019.10.17"]
[EventType "swiss"]
[EventCountry "RUS"]
[SourceTitle "playchess.com"]
[Source "ChessBase"]
[SourceQuality "1"]
[TimeControl "180+2"]

1. d4 Nf6 2. c4 e6 3. Nc3 Bb4 4. f3 d5 5. a3 Bxc3+ 6. bxc3 c5 7. e3 Nc6 8. cxd5 Nxd5 9. Bd2 cxd4 10. exd4 O-O 11. f4 b6 12. Nf3 Bb7 13. Bd3 h6 14. O-O Rc8 15. Qe2 Na5 16. c4 Nf6 17. Bxa5 Bxf3 18. Qxf3 Qxd4+ 19. Kh1 bxa5 20. Rad1 Qc5 21. Rb1 Rfd8 22. Rb7 Rd4 23. h3 Rcd8 24. Be2 Re4 25. Rfb1 Re3 26. Qf1 Ne4 0-1

[Event "RUS-ch Men Blitz 2019"]
[Site "Sochi"]
[Date "2019.10.17"]
[Round "6.31"]
[White "Utnasunov, Alexander"]
[Black "Alexeev, Alexey"]
[Result "*"]
[ECO "D31"]
[WhiteElo "2442"]
[BlackElo "2252"]
[Annotator "NA"]
[PlyCount "36"]
[EventDate "2019.10.17"]
[EventType "swiss"]
[EventCountry "RUS"]
[SourceTitle "playchess.com"]
[Source "ChessBase"]
[SourceQuality "1"]
[TimeControl "180+2"]

1. d4 d5 2. c4 e6 3. Nc3 c6 4. e4 dxe4 5. Nxe4 Bb4+ $11 6. Bd2 Qxd4 7. Bxb4 Qxe4+ 8. Ne2 Na6 9. Ba5 b6 10. Bc3 f6 11. Qd6 Bd7 12. O-O-O Rd8 13. Ng3 Qg6 14. Be2 h5 15. Bf3 Ne7 16. Rhe1 Qg5+ 17. Kb1 Qc5 18. Ne4 O-O *